 Dungeon Crawl Stone Soup version 0.31-a0-865-g3d5d91748a (webtiles) character file.

Game seed: 6234857970705680170

355 miscthings the Digger (level 6, -2/44 HPs)
             Began as a Gnoll Wanderer on Oct 10, 2023.
             Slain by a killer bee (4 damage)
             ... on level 4 of the Dungeon.
             The game lasted 00:04:32 (2093 turns).

miscthings the Digger (Gnoll Wanderer)              Turns: 2093, Time: 00:04:33

Health: -2/44      AC:  9    Str: 15    XL:     6   Next: 63%
Magic:  10/11      EV: 10    Int:  8    God:
Gold:   125        SH:  0    Dex: 13    Spells: 11/12 levels left

rFire   + . .        a - +0 flail
rCold   . . .        (no shield)
rNeg    . . .        j - +0 scale mail
rPois   .            m - +0 helmet
rElec   .            s - +0 cloak
rCorr   .            (no gloves)
SInv    .            (no boots)
Will    .....        (no amulet)
Stlth   +            q - ring of protection from fire
HPRegen 0.27/turn    (no ring)
MPRegen 0.12/turn

%: no passive effects
@: lethally poisoned (-2 -> -20)
A: fangs 1, strong nose, distributed training
a: no special abilities


You were on level 4 of the Dungeon.
You visited 1 branch of the dungeon, and saw 4 of its levels.

You collected 125 gold pieces.

Inventory:

Hand Weapons
 a - a +0 flail (weapon)
Armour
 j - a +0 scale mail (worn)
 k - a +1 robe of willpower
 m - a +0 helmet (worn)
 s - a +0 cloak (worn)
Magical Staves
 l - a staff of conjuration
Jewellery
 q - a ring of protection from fire (left hand)
Wands
 b - a wand of polymorph (4)
 r - a wand of acid (8)
Scrolls
 c - 2 scrolls of teleportation
 d - a scroll of noise {unknown}
 e - a scroll of vulnerability {unknown}
 g - a scroll of revelation {unknown}
 h - a scroll of immolation {unknown}
 i - a scroll of blinking {unknown}
 o - a scroll of amnesia
 p - a scroll of fear
Potions
 f - a potion of brilliance
 n - a potion of curing {unknown}
 t - a potion of lignification


   Skills:
 + Level 2.1 Fighting
 + Level 2.1 Short Blades
 + Level 2.1 Long Blades
 + Level 2.1 Axes
 + Level 6.9 Maces & Flails
 + Level 2.1 Polearms
 + Level 2.1 Staves
 + Level 2.1 Ranged Weapons
 + Level 2.1 Throwing
 + Level 5.0 Armour
 + Level 2.1 Dodging
 + Level 2.1 Stealth
 + Level 2.1 Shields
 + Level 2.1 Unarmed Combat
 + Level 3.5 Spellcasting
 + Level 1.6 Conjurations
 + Level 1.6 Hexes
 + Level 1.6 Summonings
 + Level 1.6 Necromancy
 + Level 1.6 Translocations
 + Level 1.6 Transmutations
 + Level 1.6 Fire Magic
 + Level 1.6 Ice Magic
 + Level 1.6 Air Magic
 + Level 7.3 Earth Magic
 + Level 1.6 Poison Magic
 + Level 2.3 Invocations
 + Level 2.1 Evocations
 + Level 1.9 Shapeshifting


You had 11 spell levels left.
You knew the following spells:

 Your Spells              Type           Power      Damage    Failure   Level
a - Sandblast             Erth           26%        2d8       5%          1

Your spell library contained the following spells:

 Spells                   Type           Power      Damage    Failure   Level
 Stone Arrow              Conj/Erth      16%        3d8       45%         3


Dungeon Overview and Level Annotations

Branches:
Dungeon (4/15)
 Temple: D:4-7

Altars:


Innate Abilities, Weirdness & Mutations

You have very sharp teeth.
Your uncanny sense of smell can sniff out nearby items.
Your experience applies equally to all skills.


Message History

You are poisoned.
The killer bee poisons you!
You miss the killer bee.
The killer bee is lightly wounded.
You feel very sick.
The killer bee stings you but does no damage.
The killer bee closely misses you.
You hit the killer bee but do no damage.
The killer bee is lightly wounded.
You feel sick. The killer bee stings you!
You are more poisoned.
The killer bee poisons you!
The killer bee stings you but does no damage.
You barely miss the killer bee.
The killer bee is lightly wounded.
You feel very sick. The killer bee barely misses you.
The killer bee stings you. The killer bee misses you.
You sock the killer bee!
The killer bee is almost dead.
You feel very sick. The killer bee stings you!
* * * LOW HITPOINT WARNING * * *
You are lethally poisoned!
The killer bee poisons you!
The killer bee stings you but does no damage.
Casting: Sandblast (safe; 5% risk of failure)
Confirm with . or Enter, or press ? or * to list all spells.
Aiming: Sandblast (safe; 5% risk of failure)
Press: ? - help, Shift-Dir - straight line, f/p - killer bee
Aim: a killer bee (almost dead, 63% to hit)
The blast of sand misses the killer bee.
* * * LOW HITPOINT WARNING * * *
You feel very sick. The killer bee stings you.
* * * LOW HITPOINT WARNING * * *
You are more poisoned.
The killer bee poisons you! The killer bee closely misses you.
The killer bee stings you.
You die...

#..........# #...~~##
#..........####...♣~~~
#.............#.......
#.............#.......
#....#####....#.......
#....# ####.#######'
#....##### #.†.......
#........# #.........
####.@...# ####>###..
#..y..# #.###..
#)....# .......
##........#.......#
..................
...................
.....###............
#.....# .....#......
#.....# ... #......


You could see a killer bee.

Vanquished Creatures
  Sigmund (D:2)
  A hound (D:4)
  Terence (D:2)
  3 gnolls (D:2)
  6 adders
  An ufetubus (D:4)
  2 dart slugs
  3 ball pythons
  5 endoplasms
  3 giant cockroaches
  7 goblins
  5 hobgoblins
  2 jackals (D:2)
  2 kobolds
  5 quokkas
  7 bats
  A frilled lizard (D:3)
  7 rats
62 creatures vanquished.

Notes
Turn   | Place    | Note
-------+----------+-------------------------------------------
     0 | D:1      | miscthings the Gnoll Wanderer began the quest for the Orb.
     0 | D:1      | miscthings set off with the following items: a +0 flail, a
                  | +0 ring mail, a scroll of teleportation; and the following
                  | spell memorised: Sandblast; and the following spells
                  | available to memorise: Stone Arrow.
     0 | D:1      | Reached XP level 1. HP: 13/13 MP: 4/4
   153 | D:1      | Reached XP level 2. HP: 19/19 MP: 5/5
   531 | D:1      | Reached XP level 3. HP: 4/25 MP: 7/7
   534 | D:2      | Noticed Sigmund
   619 | D:2      | Reached skill level 1 in Invocations
   659 | D:2      | You fall into a shaft and drop 1 floor!
   680 | D:2      | Noticed Terence
   690 | D:2      | Killed Terence
   691 | D:2      | Reached skill level 1 in Fighting
   691 | D:2      | Reached skill level 1 in Short Blades
   691 | D:2      | Reached skill level 1 in Long Blades
   691 | D:2      | Reached skill level 1 in Axes
   691 | D:2      | Reached skill level 1 in Polearms
   691 | D:2      | Reached skill level 1 in Staves
   691 | D:2      | Reached skill level 1 in Ranged Weapons
   691 | D:2      | Reached skill level 1 in Throwing
   691 | D:2      | Reached skill level 1 in Dodging
   691 | D:2      | Reached skill level 1 in Stealth
   691 | D:2      | Reached skill level 1 in Shields
   691 | D:2      | Reached skill level 1 in Unarmed Combat
   691 | D:2      | Reached skill level 1 in Evocations
   691 | D:2      | Reached skill level 1 in Shapeshifting
   691 | D:2      | Reached XP level 4. HP: 21/32 MP: 6/8
   824 | D:2      | Killed Sigmund
   825 | D:2      | Reached skill level 1 in Conjurations
   825 | D:2      | Reached skill level 1 in Hexes
   825 | D:2      | Reached skill level 1 in Summonings
   825 | D:2      | Reached skill level 1 in Necromancy
   825 | D:2      | Reached skill level 1 in Translocations
   825 | D:2      | Reached skill level 1 in Transmutations
   825 | D:2      | Reached skill level 1 in Fire Magic
   825 | D:2      | Reached skill level 1 in Ice Magic
   825 | D:2      | Reached skill level 1 in Air Magic
   825 | D:2      | Reached skill level 1 in Poison Magic
   825 | D:2      | Reached XP level 5. HP: 14/38 MP: 9/9
   862 | D:2      | Reached XP level 6. HP: 28/44 MP: 7/11
  1021 | D:2      | Found a faded altar of an unknown god.
  1314 | D:2      | Reached skill level 5 in Armour
  2080 | D:4      | Noticed a water moccasin
  2081 | D:4      | a water moccasin changed into a killer bee
  2093 | D:4      | HP: 2/44 [killer bee (3)]
  2093 | D:4      | Slain by a killer bee

Illustrated notes

Levels and vault maps discovered:
D:1:      dpeg_arrival_short_road, layout_rooms, nicolae_titane
D:2:      layout_basic, hellmonk_ecumenical_altar_prayer_group, uniq_sigmund,
          uniq_terence
D:3:      layout_loops_cross, nicolae_wu_jian_immortal_techniques
D:4:      layout_basic, minmay_misc_feat_enclosed, kennysheep_path_1

Skill      XL: |  1  2  3  4  5  6 |
---------------+-------------------+-----
Invocations    | 1 2 |  2.3
Fighting       | 1 2 |  2.1
Short Blades   | 1 2 |  2.1
Long Blades    | 1 2 |  2.1
Axes           | 1 2 |  2.1
Polearms       | 1 2 |  2.1
Staves         | 1 2 |  2.1
Ranged Weapons | 1 2 |  2.1
Throwing       | 1 2 |  2.1
Dodging        | 1 2 |  2.1
Stealth        | 1 2 |  2.1
Shields        | 1 2 |  2.1
Unarmed Combat | 1 2 |  2.1
Evocations     | 1 2 |  2.1
Shapeshifting  | 1 |  1.9
Spellcasting   | 3 |  3.5
Conjurations   | 1 |  1.6
Hexes          | 1 |  1.6
Summonings     | 1 |  1.6
Necromancy     | 1 |  1.6
Translocations | 1 |  1.6
Transmutations | 1 |  1.6
Fire Magic     | 1 |  1.6
Ice Magic      | 1 |  1.6
Air Magic      | 1 |  1.6
Poison Magic   | 1 |  1.6
Armour         | 5 |  5.0
Maces & Flails | |  6.9
Earth Magic    | |  7.3

Action                     |  1- 3 |  4- 6 || total
---------------------------+-------+-------++-------
  Melee: Flail             |    85 |   124 ||   209
         Bite              |     8 |    11 ||    19
         Punch             |     1 |     3 ||     4
         Unarmed           |       |     5 ||     5
   Cast: Sandblast         |     2 |    12 ||    14
  Evoke: Wand              |       |     1 ||     1
    Use: Scroll            |       |     5 ||     5
 Armour: Ring mail         |    61 |     1 ||    62
         Scale mail        |       |    92 ||    92
         Skin              |       |     2 ||     2
  Dodge: Dodged            |    50 |    62 ||   112

Table legend: (Time is in decaauts)
 A = Elapsed time spent in this place.
 B = Non-inter-level travel time spent in this place.
 C = Inter-level travel time spent in this place.
 D = Time resting spent in this place.
 E = Time spent auto-exploring this place.
 F = Levels seen in this place.
 G = Mean time per level.
                   A        B        C        D        E       F      G
               +--------+--------+--------+--------+--------+-----+--------+
         Total |   2114 |   2064 |     50 |     93 |   1307 |   4 |  528.5 |
       Dungeon |   2114 |   2064 |     50 |     93 |   1307 |   4 |  528.5 |
               +--------+--------+--------+--------+--------+-----+--------+

Top non-repeatable levels by time:
     D:2: 793 daAuts
     D:1: 549 daAuts
     D:4: 537 daAuts
     D:3: 233 daAuts
